 Dungeon Crawl Stone Soup version 0.30-a0-165-g1891117ce2 (webtiles) character file.

Game seed: 3064618435362321346

1091 qw the Chopper (level 8, -1/48 HPs)
             Began as a Gargoyle Fighter on Sept 28, 2022.
             Was an Initiate of Okawaru.
             Slain by a black bear (5 damage)
             ... on level 6 of the Dungeon.
             The game lasted 00:01:52 (4669 turns).

qw the Chopper (Gargoyle Fighter)                   Turns: 4669, Time: 00:01:53

Health: -1/48      AC: 11    Str: 22    XL:     8   Next: 31%
Magic:  8/8        EV:  7    Int:  9    God:    Okawaru [......]
Gold:   211        SH:  4    Dex:  9    Spells: 7/7 levels left

rFire   . . .      SeeInvis .    Y - +0 war axe (vorpal)
rCold   . . .      Faith    .    c - +0 buckler
rNeg    + . .      Spirit   .    k - +0 chain mail
rPois   inf        Reflect  .    l - +0 helmet
rElec   +          Harm     .    (no cloak)
rCorr   .          Rampage  .    (no gloves)
Will    .....                    (no boots)
Stlth   ..........               n - amulet of regeneration
HPRegen 0.96/turn                (no ring)
MPRegen 0.11/turn                (no ring)

@: about to teleport, corroded
A: sickness immunity, AC +5, negative energy resistance 1, electricity
resistance, torment resistance 1, petrification resistance
a: Renounce Religion


You were on level 6 of the Dungeon.
You worshipped Okawaru.
Okawaru was noncommittal.
You visited 2 branches of the dungeon, and saw 7 of its levels.

You collected 211 gold pieces.


Innate Abilities, Weirdness & Mutations

You are immune to sickness and miasma.
Your stone body is resilient. (AC +5)
You are immune to poison.
You resist negative energy. (rN+)
You are resistant to electric shocks. (rElec)
You are resistant to unholy torment.
You are immune to petrification.


   Skills:
 + Level 4.5 Fighting
 - Level 7.9 Axes
 - Level 1.7 Throwing
 - Level 3.2 Armour
 - Level 1.6 Dodging
 - Level 3.2 Shields


You had 7 spell levels left.
You didn't know any spells.
Your spell library was empty.

Inventory:

Hand Weapons
 m - a +0 flail
 Y - a +0 vorpal war axe (weapon)
Missiles
 b - a javelin (quivered)
 o - 6 boomerangs
Armour
 c - a +0 buckler (worn)
 k - a +0 chain mail (worn)
 l - a +0 helmet (worn)
Jewellery
 n - an amulet of regeneration (around neck)
Scrolls
 h - 2 scrolls of identify
Potions
 a - a potion of resistance
 d - 2 potions of might
 e - a potion of haste
 f - a potion of curing
 g - a potion of lignification
 i - 2 potions of heal wounds

Dungeon Overview and Level Annotations

Branches:
Dungeon (6/15)             Temple (1/1) D:5

Altars:
Cheibriados
Dithmenos
Elyvilon
Gozag
Hepliaklqana
Kikubaaqudgha
Makhleb
Okawaru
Qazlal
Ru
Sif Muna
Trog
Uskayaw
Vehumet
Xom
Yredelemnul
Zin
The Shining One


Message History

The orc priest completely misses you. The necrophage hits you.
You closely miss the necrophage.
The necrophage is severely damaged.
You hit the orc wizard but do no damage.
You hit something but do no damage. You hit the black bear. Something hits you.
The orc priest hits you from afar with a +0 trident.
The necrophage hits you but does no damage.
The orc wizard gestures at you while chanting.
You are confused.
The black bear closely misses you.
The black bear claws you but does no damage.
The black bear claws you.
4667 ||| DRINKING 2 potions of curing.
You feel better.
4667 ||| (to cure confusion)
Something hits you. You block the orc priest's attack.
The necrophage hits you but does no damage.
The orc wizard barely misses you. The black bear bites you.
The black bear barely misses you. The black bear claws you.
You closely miss the necrophage.
The necrophage is severely damaged.
You slash the orc wizard!
You kill the orc wizard!
Okawaru accepts your kill.
You hit something. You closely miss the black bear.
Something hits you but does no damage. The black bear bites you.
The black bear barely misses you. The black bear completely misses you.
The necrophage hits you.
The orc priest mumbles some strange prayers to Beogh against you.
Beogh smites you! You block something's attack.
The necrophage hits you but does no damage.
The black bear bites you. The black bear closely misses you.
The black bear claws you but does no damage.
The orc priest mumbles some strange prayers to Beogh against you.
Pain shoots through your body!
4669 ||| READING scroll of teleportation.
As you read the scroll of teleportation, it crumbles to dust.
You feel strangely unstable. Something hits you but does no damage.
The black bear bites you.
You die...

#. ###.# ...(..
...... )....#
#.o.#### #){..###
##@#...#########
#hn##.........####
##...##...........
###.#..........>#
...####.#.......>....
...................#
##..####...........#.
# ##............
#.........###


You could see a black bear, a necrophage and an orc priest.

Vanquished Creatures
  Pikel (D:5)
  A bullfrog (D:6)
  2 scorpions
  A jelly (D:6)
  3 hounds (D:4)
  An orc priest (D:5)
  An iguana (D:6)
  2 orc wizards
  Robin (D:3)
  7 adders
  2 white imps (D:5)
  2 dart slugs
  21 orcs
  5 ball pythons
  8 endoplasms
  6 giant cockroaches
  10 goblins
  10 hobgoblins
  A jackal (D:2)
  7 kobolds
  6 quokkas
  3 bats
  3 frilled lizards (D:1)
  4 rats
108 creatures vanquished.

Notes
Turn   | Place    | Note
-------+----------+-------------------------------------------
     0 | D:1      | qw the Gargoyle Fighter began the quest for the Orb.
     0 | D:1      | Reached XP level 1. HP: 14/14 MP: 1/1
     0 | D:1      | 0 ||| qw: Version: 0.2-a-12-gaebbb33
     0 | D:1      | 0 ||| qw: Game counter: 901
     0 | D:1      | 0 ||| qw: Always use a shield: true
     0 | D:1      | 0 ||| qw: God list: Okawaru
     0 | D:1      | 0 ||| qw: Allow faded altars: false
     0 | D:1      | 0 ||| qw: Do Orc after D:15 true
     0 | D:1      | 0 ||| qw: Do second Lair branch before Depths: true
     0 | D:1      | 0 ||| qw: Lair rune preference: random
     0 | D:1      | 0 ||| qw: Plans: Normal, Zot:1-4, God:TSO, Crypt, Tomb,
                  | Pan, Slime:5, Hells, Abyss, Orb
     0 | D:1      | 0 ||| PLANNING D:1-11
    48 | D:1      | 48 ||| Stepping ~*~*~tactically~*~*~ (stealth).
    54 | D:1      | Reached skill level 2 in Axes
   130 | D:1      | Reached XP level 2. HP: 16/19 MP: 2/2
   164 | D:1      | 164 ||| DROPPING +0 club.
   421 | D:1      | 421 ||| Stepping ~*~*~tactically~*~*~ (hiding).
   503 | D:1      | Reached skill level 3 in Axes
   606 | D:1      | Reached XP level 3. HP: 21/23 MP: 3/3
   889 | D:1      | 889 ||| DROPPING ring of flight.
   890 | D:1      | 890 ||| READING scroll labelled TOQ REETZI ZUD.
   891 | D:1      | 891 ||| READING 3 scrolls labelled YTZYPS NELENERGH.
   892 | D:1      | 892 ||| READING scroll labelled HYDYIR GYUT.
   893 | D:1      | 893 ||| READING scroll labelled INOGAS BATOIXY.
   894 | D:1      | 894 ||| READING scroll labelled ESUSEU KAOWEF.
   895 | D:1      | 895 ||| READING scroll labelled MAG POVYCOVVITOO.
   896 | D:1      | 896 ||| READING 2 scrolls of identify.
   896 | D:1      | 896 ||| IDENTIFYING blue potion
   897 | D:1      | 897 ||| DROPPING potion of brilliance.
   941 | D:2      | 941 ||| STAIRDANCE
   955 | D:2      | 955 ||| STAIRDANCE
  1047 | D:2      | 1047 ||| Stepping ~*~*~tactically~*~*~ (stealth).
  1050 | D:2      | 1050 ||| Stepping ~*~*~tactically~*~*~ (stealth).
  1065 | D:2      | Reached XP level 4. HP: 27/28 MP: 4/4
  1163 | D:2      | Reached skill level 4 in Axes
  1178 | D:2      | Found a faded altar of an unknown god.
  1417 | D:2      | 1417 ||| READING scroll labelled BOLUCE QIOV.
  1518 | D:2      | 1518 ||| READING 4 scrolls of identify.
  1518 | D:2      | 1518 ||| IDENTIFYING black potion
  1519 | D:2      | 1519 ||| READING 3 scrolls of identify.
  1519 | D:2      | 1519 ||| IDENTIFYING bubbling white potion
  1520 | D:2      | 1520 ||| READING 2 scrolls of identify.
  1520 | D:2      | 1520 ||| IDENTIFYING viscous purple potion
  1733 | D:3      | 1733 ||| Stepping ~*~*~tactically~*~*~ (stealth).
  1734 | D:3      | 1734 ||| Stepping ~*~*~tactically~*~*~ (stealth).
  1744 | D:3      | 1744 ||| Stepping ~*~*~tactically~*~*~ (stealth).
  1956 | D:3      | Noticed Robin
  1957 | D:3      | 1957 ||| Stepping ~*~*~tactically~*~*~ (hiding).
  1958 | D:3      | 1958 ||| Stepping ~*~*~tactically~*~*~ (stealth).
  1961 | D:3      | 1961 ||| Stepping ~*~*~tactically~*~*~ (stealth).
  1964 | D:3      | 1964 ||| Stepping ~*~*~tactically~*~*~ (hiding).
  1988 | D:3      | Killed Robin
  1989 | D:3      | Reached XP level 5. HP: 27/32 MP: 5/5
  2065 | D:3      | 2065 ||| Stepping ~*~*~tactically~*~*~ (stealth).
  2066 | D:3      | 2066 ||| Stepping ~*~*~tactically~*~*~ (stealth).
  2070 | D:3      | 2070 ||| Stepping ~*~*~tactically~*~*~ (stealth).
  2327 | D:3      | 2327 ||| UPGRADING to +0 helmet.
  2332 | D:3      | 2332 ||| READING scroll labelled DANOMO VIM WON.
  2335 | D:3      | 2335 ||| READING scroll labelled DEXOIR SESA.
  2336 | D:3      | 2336 ||| READING 2 scrolls of identify.
  2336 | D:3      | 2336 ||| IDENTIFYING metallic coppery potion
  2337 | D:3      | 2337 ||| DROPPING potion of degeneration.
  2349 | D:4      | 2349 ||| STAIRDANCE
  2384 | D:4      | 2384 ||| Stepping ~*~*~tactically~*~*~ (stealth).
  2392 | D:4      | 2392 ||| Stepping ~*~*~tactically~*~*~ (stealth).
  2440 | D:4      | Reached skill level 5 in Axes
  2483 | D:4      | Found a burning altar of Makhleb.
  2827 | D:4      | 2827 ||| Stepping ~*~*~tactically~*~*~ (stealth).
  2832 | D:4      | Reached XP level 6. HP: 38/38 MP: 6/6
  2888 | D:4      | 2888 ||| Stepping ~*~*~tactically~*~*~ (stealth).
  2934 | D:4      | Reached skill level 1 in Dodging
  2987 | D:4      | 2987 ||| DROPPING +0 mace.
  3163 | D:4      | 3163 ||| UPGRADING to +0 chain mail.
  3173 | D:4      | 3173 ||| DROPPING +0 scale mail.
  3174 | D:4      | 3174 ||| READING 2 scrolls of identify.
  3174 | D:4      | 3174 ||| IDENTIFYING red potion
  3217 | D:5      | Entered Level 5 of the Dungeon
  3572 | D:5      | Found a hazy altar of Hepliaklqana.
  3572 | D:5      | Found a shadowy altar of Dithmenos.
  3574 | D:5      | Noticed a shadow
  3631 | D:5      | 3631 ||| Stepping ~*~*~tactically~*~*~ (stealth).
  3635 | D:5      | 3635 ||| Stepping ~*~*~tactically~*~*~ (stealth).
  3636 | D:5      | 3636 ||| Stepping ~*~*~tactically~*~*~ (stealth).
  3647 | D:5      | 3647 ||| Stepping ~*~*~tactically~*~*~ (stealth).
  3648 | D:5      | 3648 ||| Stepping ~*~*~tactically~*~*~ (stealth).
  3989 | D:5      | Reached XP level 7. HP: 43/43 MP: 7/7
  4055 | D:5      | Found a staircase to the Ecumenical Temple.
  4056 | D:5      | 4056 ||| PLANNING TEMPLE
  4056 | D:5      | 4056 ||| Stepping ~*~*~tactically~*~*~ (hiding).
  4058 | D:5      | 4058 ||| FLEEEEING.
  4072 | D:5      | Reached skill level 6 in Axes
  4169 | D:5      | 4169 ||| UPGRADING to amulet of regeneration.
  4174 | D:5      | 4174 ||| READING scroll labelled IGIRGH DOXONEUQ.
  4175 | D:5      | 4175 ||| READING 2 scrolls labelled XEANGA SUMIUT.
  4176 | D:5      | 4176 ||| READING scroll of brand weapon.
  4176 | D:5      | 4176 ||| BRANDING +0 war axe of freezing.
  4185 | Temple   | Entered the Ecumenical Temple
  4187 | Temple   | 4187 ||| PLANNING OKAWARU WORSHIP
  4210 | Temple   | Became a worshipper of Warmaster Okawaru
  4211 | Temple   | 4211 ||| PLANNING D:1-11
  4538 | D:6      | 4538 ||| STAIRDANCE
  4551 | D:6      | 4551 ||| STAIRDANCE
  4558 | D:6      | 4558 ||| STAIRDANCE
  4565 | D:6      | Noticed Pikel
  4566 | D:6      | 4566 ||| STAIRDANCE
  4590 | D:5      | Killed Pikel
  4591 | D:5      | Reached skill level 7 in Axes
  4591 | D:5      | Reached XP level 8. HP: 44/48 MP: 8/8
  4651 | D:6      | 4651 ||| FLEEEEING.
  4652 | D:6      | 4652 ||| Stepping ~*~*~tactically~*~*~ (hiding).
  4662 | D:6      | Reached skill level 1 in Throwing
  4667 | D:6      | 4667 ||| DRINKING 2 potions of curing.
  4667 | D:6      | 4667 ||| (to cure confusion)
  4668 | D:6      | HP: 10/48 [orc priest/divine providence (15)]
  4668 | D:6      | HP: 3/48 [orc priest/nerve-wracking pain (3)]
  4669 | D:6      | 4669 ||| READING scroll of teleportation.
  4669 | D:6      | Slain by a black bear

Levels and vault maps discovered:
D:1:      amcnicky_arrival_gap_in_the_tavern_cellar, layout_loops_ring
D:2:      cheibrodos_old_hovel, layout_rooms,
          hellmonk_ecumenical_altar_heavens_door
D:3:      layout_basic, uniq_robin
D:4:      layout_cave_pools, makhleb_blood_cavern_becter, serial_glass,
          glass_columns_a, glass_columns_b, minmay_misc_feat_pillars
D:5:      layout_basic, riverfiend_overflow_shadow_ancestor,
          minmay_temple_entry_metal_lava
D:6:      layout_rooms, uniq_pikel
Temple:   hellmonk_temple_two_chambers

Skill      XL: |  1  2  3  4  5  6  7  8 |
---------------+-------------------------+-----
Axes           | 2 3 4 5 7 |  7.9
Fighting       | 4 |  4.5
Dodging        | 1 |  1.6
Throwing       | 1 |  1.7
Armour         | |  3.2
Shields        | |  3.2

Action                   |  1- 3 |  4- 6 |  7- 9 || total
-------------------------+-------+-------+-------++-------
Melee: War axe           |    98 |   217 |    75 ||   390
Throw: Javelin           |       |       |     1 ||     1
  Use: Scroll            |     7 |     8 |     4 ||    19
       Potion            |       |       |     1 ||     1
Armor: Scale mail        |    55 |    84 |       ||   139
       Chain mail        |       |    40 |    61 ||   101
Dodge: Dodged            |    50 |    84 |    33 ||   167
Block: Buckler           |    21 |    40 |    12 ||    73

Table legend:
 A = Non-vault XP
 B = Vault XP
 C = Vault XP percentage of total XP
 D = Non-vault monster count
 E = Vault monster count
 F = Vault count percentage of total count
                 A         B        C        D         E       F
            +---------+---------+-------+---------+---------+-------
      Total |     795 |     764 |  49.0 |      94 |      14 |  13.0
            +---------+---------+-------+---------+---------+-------
        D:1 |      41 |       0 |   0.0 |      24 |       0 |   0.0
        D:2 |      73 |       2 |   2.7 |      14 |       1 |   6.7
        D:3 |      34 |      35 |  50.7 |      13 |      11 |  45.8
        D:4 |     184 |      42 |  18.6 |      15 |       1 |   6.2
        D:5 |     262 |     685 |  72.3 |      24 |       1 |   4.0
        D:6 |     201 |       0 |   0.0 |       4 |       0 |   0.0
            +---------+---------+-------+---------+---------+-------
